 Dungeon Crawl Stone Soup version 0.29.1-15-g9cfb28693d (webtiles) character file.

Game seed: 13453188603318485777

134 GigaChad the Covered (level 4, -4/40 HPs)
             Began as a Minotaur Fighter on Mar 11, 2023.
             Killed from afar by Robin (25 damage)
             ... with a bolt of dispelling energy
             ... on level 3 of the Dungeon.
             The game lasted 00:02:30 (2121 turns).

GigaChad the Covered (Minotaur Fighter)             Turns: 2121, Time: 00:02:30

Health: -4/40      AC:  7    Str: 22    XL:     4   Next: 95%
Magic:  3/3        EV:  6    Int:  5    God:
Gold:   130        SH: 12    Dex: 10    Spells: 3/3 levels left

rFire   . . .      SeeInvis .   a - +0 war axe
rCold   . . .      Faith    .   e - +0 tower shield
rNeg    . . .      Spirit   .   b - +0 scale mail
rPois   .          Reflect  .   (helmet restricted)
rElec   .          Harm     .   (no cloak)
rCorr   .          Rampage  .   (no gloves)
Will    .....                   (no boots)
Stlth   ..........              (no amulet)
HPRegen 0.13/turn               (no ring)
MPRegen 0.08/turn               (no ring)

@: no status effects
A: horns 2, retaliatory headbutt
a: no special abilities


You were on level 3 of the Dungeon.
You visited 1 branch of the dungeon, and saw 3 of its levels.

You collected 130 gold pieces.

Inventory:

Hand Weapons
 a - a +0 war axe (weapon)
 i - a +0 glaive
Armour
 b - a +0 scale mail (worn)
 c - a +0 buckler
 e - a +0 tower shield (worn)
Wands
 o - a wand of roots (8)
 p - a wand of paralysis (2)
Scrolls
 f - a scroll of magic mapping {unknown}
 g - 5 scrolls of identify {unknown}
 h - 2 scrolls of poison {unknown}
 k - a scroll of fear {unknown}
 m - a scroll of brand weapon {unknown}
Potions
 d - a potion of might
 j - a potion of mutation {unknown}
 l - 2 potions of flight {unknown}
 n - a potion of haste {unknown}


   Skills:
 + Level 4.1 Fighting
 + Level 4.3 Axes
 + Level 4.7 Armour
 + Level 0.2 Dodging
 + Level 4.5 Shields


You had 3 spell levels left.
You didn't know any spells.
Your spell library contained the following spells:

 Spells                   Type           Power      Damage    Failure   Level
 Shock                    Conj/Air       0%         1d3       100%        1
 Scorch                   Fire           0%         2d5       100%        2
 Swiftness                Air            0%         N/A       100%        3
 Airstrike                Air            0%         2d(0-16)  100%        4
 Flame Wave               Conj/Fire      0%         2d4       100%        4
 Summon Cactus Giant      Summ           0%         N/A       100%        6


Dungeon Overview and Level Annotations

Branches:
Dungeon (3/15)

Altars:
Ashenzari

Shops:
D:2 ?

Annotations:
D:3 Robin


Innate Abilities, Weirdness & Mutations

You have a pair of horns on your head.
You reflexively headbutt those who attack you in melee.


Message History

There is an open door here.
Things that are here:
a +0 dagger; a ball python corpse
There is an open door here.
Things that are here:
a +0 dagger; a ball python corpse
There is an open door here.
There is an open door here.
There is an open door here.
A goblin comes into view. It is wielding a +0 club.
The goblin shouts!
You hear a shout!
A goblin is nearby!
There is an open door here.
Robin of the Strong Arm comes into view.
They are wielding a +2 falchion of holy wrath and carrying a wand of quicksilver (8).
Robin shouts!
You hear a shout! x2
Robin roars a battlecry!
The goblin goes into a battle-frenzy!
You hear a shout! x2
You hear a shout!
Robin throws the goblin at you! You block the goblin's attack.
The goblin hits you with a +0 club.
You hear a shout! x2
You hit the goblin.
You kill the goblin!
You closely miss the goblin.
You hear a shout!
Robin roars a battlecry!
The goblin barely misses you.
Robin zaps a wand.
The bolt of dispelling energy hits you! You block the goblin's attack.
There is an open door here.
You see here a +0 club.
You block the goblin's attack.
Robin zaps a wand.
The bolt of dispelling energy misses you.
You barely miss the goblin.
Robin zaps a wand.
The bolt of dispelling energy hits you! You block the goblin's attack.
Robin zaps a wand.
The bolt of dispelling energy hits you!!
Ouch! That really hurt!
You die...

######### #........ #
#........ g# #........
###+## ##'#####........
#..... .....#...>..(###
#.....#.....#..#....# #
+##'##)##'##'....#..# #
#..#.g@..#..#..#.#..###
#..#'###'#..#..........
#..#..#.....#..#......#)##
#.'..'.._..'..'..........
#.#..#.....#..#..##.#....
#..#'###'#..#..##..#.))
#..#.....#..#........)†
'##'##'##)##'.....##...
.#.....#.....##....##...


You could see Robin and a goblin (strong).

Vanquished Creatures
  An orc wizard (D:3)
  A gnoll (D:1)
  3 adders
  2 worms
  A dart slug (D:1)
  3 orcs (D:3)
  9 bats
  2 endoplasms
  2 giant cockroaches
  12 goblins
  6 hobgoblins
  2 quokkas
  A ball python (D:3)
  5 frilled lizards
  6 kobolds
  5 rats
61 creatures vanquished.

Notes
Turn   | Place    | Note
-------+----------+-------------------------------------------
     0 | D:1      | GigaChad the Minotaur Fighter began the quest for the Orb.
     0 | D:1      | Reached XP level 1. HP: 19/19 MP: 0/0
    33 | D:1      | Reached XP level 2. HP: 12/27 MP: 1/1
   614 | D:1      | Reached XP level 3. HP: 33/33 MP: 2/2
  1286 | D:2      | Reached XP level 4. HP: 38/40 MP: 3/3
  1411 | D:2      | Found Ehialoesh's Magic Scroll Boutique.
  1478 | D:2      | Found a faded altar of an unknown god.
  2092 | D:3      | Found a broken altar of Ashenzari.
  2116 | D:3      | Noticed Robin
  2121 | D:3      | Killed from afar by Robin

Illustrated notes

Levels and vault maps discovered:
D:1:      amcnicky_arrival_underground_garden, layout_loops_cross,
          minmay_misc_feat_hallway, minmay_misc_feat_cross
D:2:      layout_basic, serial_forest, infiniplex_forest_zigzag_2,
          infiniplex_forest_lined_3, infiniplex_forest_zigzag_1,
          infiniplex_forest_diagonal, infiniplex_forest_straight_1,
          infiniplex_forest_zigzag_1, infiniplex_forest_clump_tiny,
          serial_shops, nicolae_shop_hallway_stairs, basic_ecumenical_altar
D:3:      layout_basic, mainiacjoe_overflow_24_doors, old_standard_altar,
          hangedman_abyss_or_decor_lesser_grid, uniq_robin

Skill      XL: |  1  2  3  4 |
---------------+-------------+-----
Armour         | 4 |  4.7
Shields        | 4 |  4.5
Fighting       | 4 |  4.1
Axes           | 3 4 |  4.3
Dodging        | |  0.2

Action                   |  1- 3 |  4- 6 || total
-------------------------+-------+-------++-------
Melee: War axe           |    74 |    53 ||   127
       Headbutt          |     8 |     5 ||    13
Armor: Scale mail        |    48 |    22 ||    70
Dodge: Dodged            |    24 |    12 ||    36
Block: Buckler           |     3 |       ||     3
       Tower shield      |    71 |    42 ||   113
